 Dungeon Crawl Stone Soup version 0.30.0-5-g1a98f26d00 (webtiles) character file.

Game seed: 6859488415845795881

594 backslashecho the Digger (level 7, -2/36 HPs)
             Began as a Deep Elf Earth Elementalist on May 9, 2023.
             Was an Initiate of Sif Muna.
             Slain by a scorpion (5 damage)
             ... on level 5 of the Dungeon.
             The game lasted 00:09:38 (4178 turns).

backslashecho the Digger (DEEE)                     Turns: 4178, Time: 00:09:39

Health: -2/36      AC:  2    Str:  5    XL:     7   Next: 16%
Magic:  20/25      EV: 12    Int: 22    God:    Sif Muna [......]
Gold:   196        SH:  3    Dex: 15    Spells: 5/16 levels left

rFire   + . .        a - +0 dagger (drain)
rCold   . . .        z - +0 buckler
rNeg    . . .        c - +0 robe
rPois   .            (no helmet)
rElec   .            (no cloak)
rCorr   .            (no gloves)
SInv    .            (no boots)
Will    .....        v - amulet of the acrobat
Stlth   ++           k - ring of protection from fire
HPRegen 0.26/turn    q - ring of magical power
MPRegen 0.19/turn

%: acrobat
@: lethally poisoned (-2 -> -7)
A: no striking features
a: Renounce Religion


You were on level 5 of the Dungeon.
You worshipped Sif Muna.
Sif Muna was noncommittal.
You visited 1 branch of the dungeon, and saw 5 of its levels.

You collected 196 gold pieces.

Inventory:

Hand Weapons
 a - a +0 dagger of draining (weapon)
Missiles
 n - 5 poisoned darts (quivered)
 u - a throwing net
Armour
 c - a +0 robe (worn)
 z - a +0 buckler (worn)
Jewellery
 k - a ring of protection from fire (left hand)
 q - a ring of magical power (right hand)
 t - a +5 ring of evasion
 v - an amulet of the acrobat (around neck)
Wands
 l - a wand of charming (3)
 m - a wand of flame (30)
Scrolls
 d - 3 scrolls of identify {unknown}
 f - 4 scrolls of teleportation {unknown}
 g - 2 scrolls of acquirement {unknown}
 h - 4 scrolls of blinking {unknown}
 i - 3 scrolls of fog {unknown}
 p - a scroll of fear {unknown}
 y - a scroll of brand weapon {unknown}
 A - a scroll of poison {unknown}
 B - a scroll of silence {unknown}
 C - a scroll of butterflies {unknown}
Potions
 b - 2 potions of magic
 e - 2 potions of attraction {unknown}
 j - a potion of heal wounds {unknown}
 o - a potion of berserk rage {unknown}
 r - a potion of resistance {unknown}
 s - a potion of ambrosia {unknown}
 w - a potion of invisibility {unknown}
 x - a potion of might {unknown}


   Skills:
 - Level 4.1 Dodging
 - Level 2.4 Stealth
 - Level 5.0 Spellcasting
 + Level 2.1 Conjurations
 - Level 1.1 Transmutations
 * Level 6.8 Earth Magic
 + Level 2.4 Invocations


You had 5 spell levels left.
You knew the following spells:

 Your Spells              Type           Power      Damage    Failure   Level
a - Sandblast             Erth           70%        2d15      1%          1
b - Searing Ray           Conj           30%        2d5       12%         2
c - Stone Arrow           Conj/Erth      50%        3d10      9%          3
d - Petrify               Tmut/Erth      23%        N/A       36%         4
f - Magic Dart            Conj           60%        1d6       9%          1

Your spell library contained the following spells:

 Spells                   Type           Power      Damage    Failure   Level
 Passwall                 Tmut/Erth      19%        N/A       5%          2
 Foxfire                  Conj/Fire      40%        2x1d6     13%         1
 Fulminant Prism          Conj/Hex       5%         3d7       77%         4
 Fireball                 Conj/Fire      5%         3d5       98%         5
 Plasma Beam              Fire/Air       2%         2x1d14    100%        6
 Starburst                Conj/Fire      5%         6d4       100%        6


Dungeon Overview and Level Annotations

Branches:
Dungeon (5/15)             Temple (0/1) D:4

Altars:
Nemelex Xobeh
Sif Muna
Yredelemnul

Shops:
D:1 :


Message History

Casting: Sandblast (safe; 1% risk of failure)
Confirm with . or Enter, or press ? or * to list all spells.
Aiming: Sandblast (safe; 1% risk of failure)
Press: ? - help, Shift-Dir - straight line, f/p - iguana
Aim: an iguana (lightly wounded, 86% to hit)
The blast of sand hits the iguana but does no damage.
The iguana is lightly wounded.
The iguana misses you.
You now have 22/25 mp.
You block the hound's attack.
Casting: Sandblast (safe; 1% risk of failure)
Confirm with . or Enter, or press ? or * to list all spells.
Aiming: Sandblast (safe; 1% risk of failure)
Press: ? - help, Shift-Dir - straight line, f/p - iguana
Aim: an iguana (lightly wounded, 86% to hit)
The blast of sand hits the iguana!
The iguana is almost dead.
The hound bites you but does no damage. You block the iguana's attack.
The hound closely misses you. The iguana bites you.
You take 5 damage, and have 21/36 hp.
You now have 21/25 mp.
The scorpion attacks as you move away! The scorpion barely misses you.
The hound completely misses you.
Casting: Sandblast (safe; 1% risk of failure)
Confirm with . or Enter, or press ? or * to list all spells.
Aiming: Sandblast (safe; 1% risk of failure)
Press: ? - help, Shift-Dir - straight line, f/p - iguana
Aim: an iguana (almost dead, 86% to hit)
The blast of sand hits the iguana!
You kill the iguana!
Sif Muna accepts your kill. The scorpion stings you.
You are poisoned.
The scorpion poisons you! The hound barely misses you.
The scorpion closely misses you. The hound closely misses you.
You take 5 damage, and have 17/36 hp.
You now have 21/25 mp.
You feel very sick.
You take 3 damage, and have 14/36 hp.
Casting: Sandblast (safe; 1% risk of failure)
Confirm with . or Enter, or press ? or * to list all spells.
Aiming: Sandblast (safe; 1% risk of failure)
Press: ? - help, Shift-Dir - straight line, f - scorpion
Aim: a scorpion (84% to hit)
The blast of sand misses the scorpion.
You feel very sick. The hound bites you.
* * * LOW HITPOINT WARNING * * *
The scorpion stings you!
* * * LOW HITPOINT WARNING * * *
The hound barely misses you. The scorpion stings you.
You die...

#..##)#.# #.
####....W.###...
)......†.......
#####.#.##.#.##
######........#
#....#......###
#.##.#......#
#.##...sh...#
#.#####.@...## #.#
#......# #.# #......#
##### #.# #......# #
#...####.#####......# .
#.#.........##........ #
#.######....##....#....
### #
#........................
... #
########....#############
..# #


You could see a phantom (wandering), a scorpion and a hound.

Vanquished Creatures
  3 scorpions
  A howler monkey (D:4)
  2 hounds (D:5)
  Jessica (D:2)
  A sleepcap (D:5)
  Natasha (thrice) (D:2)
  An orc wizard (D:3)
  An iguana (D:5)
  3 gnolls
  3 adders
  A white imp (D:5)
  A worm (D:3)
  2 dart slugs
  11 orcs
  2 bats
  3 endoplasms
  7 giant cockroaches
  6 hobgoblins
  2 quokkas
  5 ball pythons
  4 frilled lizards
  8 goblins
  7 kobolds
  5 rats
83 creatures vanquished.

Notes
Turn   | Place    | Note
-------+----------+-------------------------------------------
     0 | D:1      | backslashecho the Deep Elf Earth Elementalist began the
                  | quest for the Orb.
     0 | D:1      | Reached XP level 1. HP: 10/10 MP: 6/6
    75 | D:1      | Found Jumer's Book Shop.
   447 | D:1      | Reached XP level 2. HP: 3/15 MP: 4/8
   577 | D:1      | Reached skill level 4 in Earth Magic
   617 | D:1      | Reached XP level 3. HP: 19/19 MP: 8/10
  1029 | D:2      | Noticed Natasha
  1032 | D:2      | Killed Natasha
  1096 | D:2      | Noticed Jessica
  1108 | D:2      | Killed Jessica
  1109 | D:2      | Reached XP level 4. HP: 8/24 MP: 8/12
  1113 | D:2      | Noticed Natasha
  1117 | D:2      | Killed Natasha
  1547 | D:2      | Noticed Natasha
  1553 | D:2      | Killed Natasha
  1554 | D:2      | Reached skill level 5 in Earth Magic
  1554 | D:2      | Reached XP level 5. HP: 25/28 MP: 11/13
  1994 | D:3      | Found a sparkling altar of Nemelex Xobeh.
  2503 | D:3      | Found a shimmering blue altar of Sif Muna.
  2507 | D:3      | Became a worshipper of Sif Muna the Loreminder
  2639 | D:3      | Learned a level 2 spell: Searing Ray
  2643 | D:3      | Learned a level 3 spell: Stone Arrow
  2648 | D:3      | Learned a level 4 spell: Petrify
  2872 | D:4      | Found a staircase to the Ecumenical Temple.
  2989 | D:4      | Reached skill level 5 in Spellcasting
  2989 | D:4      | Reached XP level 6. HP: 21/32 MP: 15/15
  3069 | D:4      | Reached skill level 6 in Earth Magic
  3069 | D:4      | Reached skill level 1 in Invocations
  3098 | D:4      | Learned a level 1 spell: Magic Dart
  3150 | D:4      | Reached skill level 1 in Conjurations
  3467 | D:4      | Found a basalt altar of Yredelemnul.
  3786 | D:5      | Entered Level 5 of the Dungeon
  4003 | D:5      | Reached XP level 7. HP: 36/36 MP: 16/16
  4178 | D:5      | Slain by a scorpion

Illustrated notes

Levels and vault maps discovered:
D:1:      nzn_arrival_crosshair, layout_loops_ring, serial_shops, shop
D:2:      layout_basic, uniq_natasha, uniq_jessica
D:3:      layout_loops_ring, mainiacjoe_overflow_boulevard, marbit_many_paths
D:4:      layout_loops_ring, kennysheep_mini_moat, minmay_temple_entry_hall
D:5:      layout_basic, minmay_fractal_squares_5, uniq_ijyb

Skill      XL: |  1  2  3  4  5  6  7 |
---------------+----------------------+-----
Dodging        | 3 4 |  4.1
Earth Magic    | 4 5 6 |  6.8
Spellcasting   | 4 5 |  5.0
Invocations    | 2 |  2.4
Conjurations   | 1 2 |  2.1
Stealth        | |  2.4
Transmutations | |  1.1

Action                     |  1- 3 |  4- 6 |  7- 9 || total
---------------------------+-------+-------+-------++-------
  Melee: Dagger            |    20 |    11 |       ||    31
  Throw: Dart              |       |     2 |       ||     2
   Cast: Sandblast         |    22 |    77 |    11 ||   110
         Stone Arrow       |       |     3 |       ||     3
         Searing Ray       |       |     1 |       ||     1
         Magic Dart        |       |     2 |       ||     2
  Evoke: Wand              |       |     1 |       ||     1
   Stab: Sleeping          |     4 |     2 |       ||     6
 Armour: Robe              |     2 |     4 |     1 ||     7
  Dodge: Dodged            |    14 |    18 |     8 ||    40
  Block: Buckler           |       |       |     2 ||     2
